 Dungeon Crawl Stone Soup version 0.30-a0-458-g86641cc369 (webtiles) character file.

Game seed: 11103104996354331962

7339 zero the Thaumaturge (level 10, -3/77 HPs)
             Began as a Demonspawn Conjurer on Dec 14, 2022.
             Was an Initiate of Gozag.
             Slain by an ogre
             ... wielding a +0 giant spiked club
             ... led by Lodul
              (29 damage)
             ... on level 10 of the Dungeon.
             The game lasted 00:13:26 (11248 turns).

zero the Thaumaturge (Demonspawn Conjurer)         Turns: 11248, Time: 00:13:27

Health: -3/77      AC:  8    Str:  8    XL:     10   Next: 91%
Magic:  7/24       EV: 13    Int: 30    God:    Gozag
Gold:   671        SH:  0    Dex: 11    Spells: 21/30 levels left

rFire   . . .      SeeInvis .    B - +2 sling (elec)
rCold   . . .      Faith    .    (no shield)
rNeg    . . .      Spirit   .    a - +0 robe
rPois   +          Reflect  .    k - +2 hat
rElec   .          Harm     .    v - +0 cloak
rCorr   .          Rampage  .    (no gloves)
Will    .....                    F - +0 pair of boots
Stlth   ++........               (no amulet)
HPRegen 0.32/turn                L - +6 ring of intelligence
MPRegen 0.19/turn                H - ring of poison resistance

@: gold aura, slowed, very slow
A: icy blue scales 1, ignite blood 2, spiny 2, demonic touch 1
a: Renounce Religion, Potion Petition, Call Merchant, Bribe Branch


You were on level 10 of the Dungeon.
You worshipped Gozag.
Gozag was pleased with you.
You visited 1 branch of the dungeon, and saw 10 of its levels.

You collected 1461 gold pieces.
You paid 790 gold pieces to Gozag.

Inventory:

Hand Weapons
 e - a +0 short sword
 j - a +0 hand axe of flaming
 B - a +2 sling of electrocution (weapon)
Missiles
 g - 11 boomerangs
Armour
 a - a +0 robe (worn)
 k - a +2 hat (worn)
 v - a +0 cloak (worn)
 F - a +0 pair of boots (worn)
Jewellery
 b - a ring of protection from cold
 H - a ring of poison resistance (right hand)
 L - a +6 ring of intelligence (left hand)
 N - a ring of see invisible
Wands
 y - a wand of paralysis (15)
 G - a wand of iceblast (5)
 K - a wand of digging (5)
 M - a wand of polymorph (11)
Scrolls
 c - a scroll of fear {unknown}
 f - 2 scrolls of noise {unknown}
 h - 4 scrolls of teleportation {unknown}
 i - 8 scrolls of identify {unknown}
 l - a scroll of torment {unknown}
 m - 4 scrolls of poison {unknown}
 n - 2 scrolls of magic mapping {unknown}
 o - 3 scrolls of enchant armour {unknown}
 t - 2 scrolls of amnesia {unknown}
 z - a scroll of enchant weapon {unknown}
 A - a scroll of immolation {unknown}
 I - a scroll of brand weapon {unknown}
 O - 2 scrolls of fog {unknown}
 P - a scroll of blinking {unknown}
Potions
 d - 3 potions of cancellation {unknown}
 p - 4 potions of attraction {unknown}
 q - 5 potions of curing {unknown}
 r - 3 potions of haste {unknown}
 s - 4 potions of degeneration {unknown}
 u - 2 potions of might {unknown}
 w - 2 potions of invisibility
 x - 4 potions of heal wounds
 C - 3 potions of lignification {unknown}
 D - a potion of mutation {unknown}
 E - 2 potions of flight {unknown}
 J - 2 potions of brilliance {unknown}


   Skills:
 + Level 6.8 Fighting
 + Level 4.5 Armour
 + Level 4.6 Dodging
 - Level 2.0 Stealth
 + Level 10.6 Spellcasting
 - Level 5.0 Conjurations
 - Level 2.0 Necromancy
 - Level 5.0 Translocations
 - Level 3.0 Evocations


You had 21 spell levels left.
You knew the following spells:

 Your Spells              Type           Power      Damage    Failure   Level
a - Magic Dart            Conj           100%       1d8       1%          1
b - Searing Ray           Conj           92%        2d7       1%          2
c - Iskenderun's Mystic   Conj/Tloc      46%        2d10      4%          4
Z - Sublimation of Blood  Necr           28%        N/A       2%          2

Your spell library contained the following spells:

 Spells                   Type           Power      Damage    Failure   Level
 Dazzling Flash           Conj/Hex       62%        N/A       3%          3
 Wereblood                Tmut           16%        N/A       4%          2
 Frozen Ramparts          Ice            32%        1d5       10%         3
 Fulminant Prism          Conj/Hex       15%        3d10      12%         4
 Ice Form                 Ice/Tmut       16%        N/A       32%         4
 Summon Ice Beast         Ice/Summ       16%        N/A       32%         4
 Summon Forest            Summ/Tloc      15%        N/A       32%         5
 Eringya's Noxious Bog    Tmut/Pois      8%         N/A       99%         6
 Summon Hydra             Summ           8%         N/A       100%        7


Dungeon Overview and Level Annotations

Branches:
Dungeon (10/15)            Temple (0/1) D:5            Lair (0/5) D:10
    Orc (0/2) D:9

Altars:
Dithmenos
Gozag
Makhleb
Ru
Trog
Wu Jian

Shops:
D:7 (   D:9 ?

Annotations:
D:10 Lodul


Innate Abilities, Weirdness & Mutations

You are partially covered in icy blue scales. (AC +2)
Your demonic aura often causes spilled blood to erupt in flames.
You are mostly covered in sharp spines.
Your touch may inflict minor irresistible damage on your foes.


Message History

The wraith is almost destroyed.
The ogre shouts!
An ogre comes into view. It is wielding a +0 giant spiked club.
The wraith hits you.
The searing ray hits the wraith but does no damage.
The wraith is almost destroyed.
The wraith is struck by your spines. The wraith hits you.
The wraith drains your vigour!
You feel as though you will be slow longer.
Lodul the Thundrous comes into view.
He is wielding a +0 dire flail.
The wraith barely misses you.
The searing ray hits the wraith but does no damage.
The wraith is almost destroyed.
You finish channelling your searing ray.
The ogre is struck by your spines. The ogre barely misses you.
The wraith is struck by your spines. The wraith closely misses you.
Casting: Searing Ray (safe; 1% risk of failure)
Confirm with . or Enter, or press ? or * to list all spells.
You don't know that spell.
The wraith hits you. The wraith drains your vigour!
You feel as though you will be slow longer.
The ogre is struck by your spines. The ogre hits you with a +0 giant club.
The wraith is struck by your spines.
You destroy the wraith!
The ogre attacks as you move away! The ogre is struck by your spines.
The ogre closely misses you. The ogre attacks as you move away!
The ogre closely misses you. The ogre attacks as you move away!
The ogre barely misses you. The ogre attacks as you move away!
The ogre is struck by your spines. The ogre hits you with a +0 giant club!
The ogre is engulfed in blazing flames.
The ogre attacks as you move away! The ogre is struck by your spines.
The ogre hits you with a +0 giant club!
* * * LOW HITPOINT WARNING * * *
The ogre attacks as you move away! The ogre is struck by your spines.
You kill the ogre!
The ogre misses you. The ogre attacks as you move away!
The ogre is struck by your spines.
The ogre hits you with a +0 giant spiked club!!
You die...
Your body crumbles into a pile of gold.

#.##########.# #.## #.#
.# #.# #.# #.#..#
#.###.# #.#..# #.....##
#.#..# ########
#.#..######### #
#.#........... +
#.##.##.....# #
#@))..+.....+ .... #..
#OO#.##.....# #### #..
#..#.)......# #..
#..###......# #.$# #..#
#......#
#...###$.###......#
#...##....)......#
..###..$...............
.......!$...#..........


You could see 2 ogres.

Vanquished Creatures
  A manticore (D:8)
  Psyche (D:8)
  Prince Ribbit (D:5)
  A hornet (D:9)
  4 wraiths
  A wyvern (D:9)
  Grum (D:8)
  Eustachio (D:4)
  2 steam dragons (D:8)
  Menkaure (D:4)
  Edmund (D:4)
  A water moccasin (D:6)
  An acid dragon (D:9)
  6 orc warriors
  2 sky beasts
  4 ogres
  An ice beast (D:8)
  A black bear (D:7)
  3 wolves (D:8)
  5 centaurs
  A kobold brigand (D:6)
  2 bullfrogs
  4 scorpions
  3 necrophages
  13 wights
  3 killer bees (D:9)
  10 howler monkeys
  2 jellies
  2 gnoll boudas (D:6)
  5 orc priests
  2 hounds
  3 iguanas
  Natasha (thrice) (D:2)
  8 orc wizards
  9 gnolls (D:6)
  12 adders
  A dart slug (D:1)
  A worm (D:2)
  31 orcs
  6 ball pythons
  3 bats
  7 endoplasms
  A giant cockroach (D:4)
  4 goblins
  4 hobgoblins
  4 jackals (D:4)
  6 quokkas
  3 frilled lizards (D:1)
  7 kobolds
  7 rats
206 creatures vanquished.

Vanquished Creatures (others)
  11 plants (D:4)
11 creatures vanquished.

Grand Total: 217 creatures vanquished

Notes
Turn   | Place    | Note
-------+----------+-------------------------------------------
     0 | D:1      | zero the Demonspawn Conjurer began the quest for the Orb.
     0 | D:1      | Reached XP level 1. HP: 13/13 MP: 3/3
   334 | D:1      | Reached skill level 1 in Fighting
   418 | D:1      | Gained mutation: You are partially covered in sharp spines.
                  | [demonic ancestry]
   418 | D:1      | Reached XP level 2. HP: 19/21 MP: 0/5
   421 | D:1      | Learned a level 2 spell: Searing Ray
  1299 | D:2      | Gained mutation: Your demonic aura sometimes causes spilled
                  | blood to erupt in flames. [demonic ancestry]
  1299 | D:2      | Reached XP level 3. HP: 27/27 MP: 4/7
  1482 | D:2      | Reached skill level 3 in Spellcasting
  1649 | D:2      | Noticed Natasha
  1652 | D:2      | Killed Natasha
  1653 | D:2      | Gained mutation: Your demonic aura often causes spilled
                  | blood to erupt in flames. [demonic ancestry]
  1653 | D:2      | Reached XP level 4. HP: 28/33 MP: 3/9
  1730 | D:2      | Noticed Natasha
  1732 | D:2      | Killed Natasha
  1733 | D:2      | Reached skill level 4 in Spellcasting
  2014 | D:2      | Noticed Natasha
  2016 | D:2      | Killed Natasha
  2017 | D:2      | Reached XP level 5. HP: 38/38 MP: 9/11
  3085 | D:3      | Found a faded altar of an unknown god.
  3426 | D:4      | Found a bloodstained altar of Trog.
  3434 | D:4      | Noticed Eustachio
  3451 | D:4      | Killed Eustachio
  3452 | D:4      | Reached skill level 5 in Spellcasting
  3452 | D:4      | Gained mutation: Your touch may inflict minor irresistible
                  | damage on your foes. [demonic ancestry]
  3452 | D:4      | Reached XP level 6. HP: 38/46 MP: 1/13
  3631 | D:4      | Noticed Menkaure
  3638 | D:4      | Killed Menkaure
  3758 | D:4      | Found a sacrificial altar of Ru.
  3761 | D:4      | Found an opulent altar of Gozag.
  3762 | D:4      | Found a burning altar of Makhleb.
  3839 | D:4      | Noticed Edmund
  3887 | D:4      | Became a worshipper of Gozag Ym Sagoz the Greedy
  3937 | D:4      | Killed Edmund
  3938 | D:4      | Reached skill level 6 in Spellcasting
  3938 | D:4      | Reached XP level 7. HP: 54/54 MP: 12/16
  4007 | D:4      | Learned a level 4 spell: Iskenderun's Mystic Blast
  4066 | D:4      | Found a shadowy altar of Dithmenos.
  4412 | D:5      | Entered Level 5 of the Dungeon
  4439 | D:4      | Reached skill level 7 in Spellcasting
  4680 | D:5      | Found a staircase to the Ecumenical Temple.
  4945 | D:5      | Gained mutation: You are mostly covered in sharp spines.
                  | [demonic ancestry]
  4945 | D:5      | Reached XP level 8. HP: 60/60 MP: 19/19
  5114 | D:5      | Reached skill level 8 in Spellcasting
  5175 | D:5      | Learned a level 2 spell: Sublimation of Blood
  5279 | D:5      | Noticed Prince Ribbit
  5290 | D:5      | Reached skill level 1 in Evocations
  5292 | D:5      | Killed Prince Ribbit
  5293 | D:5      | Reached skill level 1 in Armour
  5293 | D:5      | Reached skill level 1 in Translocations
  6311 | D:6      | Reached XP level 9. HP: 56/66 MP: 13/21
  6387 | D:6      | Reached skill level 5 in Conjurations
  6526 | D:6      | Reached skill level 5 in Fighting
  7433 | D:6      | Identified the +0 morningstar of Neurosis {freeze, Will+}
  7533 | D:7      | Reached skill level 5 in Translocations
  7539 | D:7      | Reached skill level 9 in Spellcasting
  7539 | D:7      | HP: 3/68 [centaur/arrow (12)]
  8306 | D:8      | Noticed a manticore
  8319 | D:8      | Reached skill level 1 in Necromancy
  8321 | D:8      | Killed a manticore
  8494 | D:8      | Reached skill level 10 in Spellcasting
  8498 | D:8      | Gained mutation: You are partially covered in icy blue
                  | scales. (AC +2) [demonic ancestry]
  8498 | D:8      | Reached XP level 10. HP: 73/74 MP: 15/24
  8823 | D:8      | Noticed Grum
  8832 | D:8      | Killed Grum
  9018 | D:8      | Noticed Psyche
  9020 | D:8      | Killed Psyche
  9616 | D:9      | Found Jagiremo's Magic Scroll Shop.
 10087 | D:9      | Found an ornate altar of the Wu Jian Council.
 10197 | D:9      | Found a staircase to the Orcish Mines.
 11061 | D:10     | Entered Level 10 of the Dungeon
 11209 | D:10     | Found a staircase to the Lair.
 11237 | D:10     | Noticed Lodul
 11248 | D:10     | Slain by an ogre

Illustrated notes

Levels and vault maps discovered:
D:1:      spicycebolla_arrival_ecumenical, layout_basic, bh_walls_and_bars
D:2:      layout_basic, uniq_natasha
D:3:      layout_basic, nicolae_overflow_ecumenical_swirl
D:4:      layout_rooms, amethyst_overflow_temple_binary,
          mainiacjoe_overflow_cross_hatched, minitemple, serial_bayou_lagoon_a,
          dreamdust_mushroom_princess, uniq_menkaure, uniq_eustachio,
          uniq_edmund
D:5:      layout_loops_ring, minmay_temple_entry_sparse_star, st_stairs_5,
          uniq_prince_ribbit1
D:6:      layout_loops_corners, minivault_5, minmay_increasing_density
D:7:      layout_cave_pools
D:8:      layout_loops_ring, uniq_psyche, uniq_grum
D:9:      layout_long_grid, mainiacjoe_overflow_paths, orc_0_dummy,
          serial_shops, nicolae_stop_n_shop_2
D:10:     layout_basic, lair_entry_dummy, minmay_statue_crystal_thing,
          uniq_lodul

Skill      XL: |  1  2  3  4  5  6  7  8  9 10 |
---------------+-------------------------------+-----
Fighting       | 1 2 4 5 6 |  6.8
Spellcasting   | 3 4 5 6 7 8 10 | 10.6
Dodging        | 2 4 |  4.6
Stealth        | 2 |  2.0
Evocations     | 1 3 |  3.0
Armour         | 2 4 |  4.5
Translocations | 3 5 |  5.0
Conjurations   | 5 |  5.0
Necromancy     | 1 2 |  2.0

Action                   |  1- 3 |  4- 6 |  7- 9 | 10-12 || total
-------------------------+-------+-------+-------+-------++-------
Melee: Unarmed           |    12 |       |       |       ||    12
       Hand axe          |    15 |     5 |       |       ||    20
 Fire: Sling             |       |    10 |    63 |    67 ||   140
Throw: Boomerang         |       |     3 |       |       ||     3
 Cast: Magic Dart        |    58 |    32 |    67 |    39 ||   196
       Searing Ray       |     1 |     8 |    47 |    29 ||    85
       Iskenderun's Myst |       |       |     8 |    13 ||    21
Invok: Call Merchant     |       |       |     1 |       ||     1
Evoke: Wand              |       |     2 |     3 |     2 ||     7
  Use: Potion            |     1 |       |     2 |       ||     3
 Stab: Sleeping          |       |     1 |       |       ||     1
Armor: Robe              |     7 |    10 |    19 |    10 ||    46
Dodge: Dodged            |    25 |    19 |    56 |    44 ||   144

Table legend: (Time is in decaauts)
 A = Elapsed time spent in this place.
 B = Non-inter-level travel time spent in this place.
 C = Inter-level travel time spent in this place.
 D = Time resting spent in this place.
 E = Time spent auto-exploring this place.
 F = Levels seen in this place.
 G = Mean time per level.
                   A        B        C        D        E       F      G
               +--------+--------+--------+--------+--------+-----+--------+
         Total |  11345 |  10998 |    347 |   2583 |   7009 |  10 | 1134.5 |
       Dungeon |  11345 |  10998 |    347 |   2583 |   7009 |  10 | 1134.5 |
               +--------+--------+--------+--------+--------+-----+--------+

Top non-repeatable levels by time:
     D:6: 1742 daAuts
     D:9: 1533 daAuts
     D:5: 1298 daAuts
     D:2: 1244 daAuts
     D:8: 1154 daAuts
     D:1: 1145 daAuts
     D:3: 1128 daAuts
     D:4: 1002 daAuts
     D:7: 896 daAuts
    D:10: 199 daAuts
